 Dungeon Crawl Stone Soup version 0.28-a0-69-g49dcd67cf8 (webtiles) character file.

Game seed: 167500852320710203

16 jasper the Stinger (level 2, -1/19 HPs)
             Began as a Demonspawn Venom Mage on July 31, 2021.
             Slain by an adder (4 damage)
             ... on level 2 of the Dungeon.
             The game lasted 00:02:19 (1270 turns).

jasper the Stinger (Demonspawn Venom Mage)          Turns: 1270, Time: 00:02:20

Health: -1/19      AC:  3    Str:  6 (8)  XL:     2   Next: 41%
Magic:  0/5        EV: 12    Int: 13 (16) God:
Gold:   18         SH:  0    Dex: 12 (13) Spells: 2/5 levels left

rFire   + . .      SeeInvis .   (no weapon)
rCold   + . .      Faith    .   (no shield)
rNeg    . . .      Spirit   .   a - +0 robe
rPois   +          Reflect  .   (no helmet)
rElec   +          Harm     .   j - +0 cloak
rCorr   +          Rampage  .   (no gloves)
Will    .....                   (no boots)
Stlth   ++........              (no amulet)
HPRegen 0.06/turn               (no ring)
MPRegen 0.09/turn               (no ring)

@: resistant, very slightly contaminated
A: claws 1
a: no special abilities


You were on level 2 of the Dungeon.
You visited 1 branch of the dungeon, and saw 2 of its levels.

You collected 18 gold pieces.

Inventory:

Hand Weapons
 b - a +0 mace
Missiles
 i - 39 stones
Armour
 a - a +0 robe (worn)
 j - a +0 cloak (worn)
Scrolls
 c - 2 scrolls of teleportation {unknown}
 d - 2 scrolls of blinking {unknown}
 g - a scroll of enchant weapon {unknown}
 h - a scroll of noise {unknown}


   Skills:
 - Level 1.7 Dodging
 - Level 1.7 Stealth
 - Level 2.0 Spellcasting
 - Level 0.8 Transmutations
 + Level 3.8 Poison Magic


You had 2 spell levels left.
You knew the following spells:

 Your Spells              Type           Power      Damage    Failure   Level
a - Sting                 Tmut/Pois      28%        1d4       10%         1
b - Passwall              Tmut/Erth      1%         N/A       32%         2

Your spell library contained the following spells:

 Spells                   Type           Power      Damage    Failure   Level
 Poisonous Vapours        Pois/Air       12%        N/A       17%         2
 Mephitic Cloud           Conj/Pois/Air  4%         N/A       41%         3
 Olgreb's Toxic Radiance  Pois           11%        N/A       45%         4
 Swiftness                Air            1%         N/A       58%         3
 Invisibility             Hex            0%         N/A       100%        6


Dungeon Overview and Level Annotations

Branches:
Dungeon (2/15)

Altars:


Innate Abilities, Weirdness & Mutations

You have sharp fingernails.


Message History

You closely miss the adder.
The adder is heavily wounded.
The adder bites you.
You are poisoned.
The adder poisons you!
You take 3 damage, and have 14/19 hp.
You scratch the adder but do no damage.
The adder is heavily wounded.
You feel sick. The adder barely misses you.
You take 1 damage, and have 13/19 hp.
You scratch the adder but do no damage.
The adder is heavily wounded.
You feel sick. The adder closely misses you. x2
You take 1 damage, and have 12/19 hp.
Aiming: Sting (safe; 8% risk of failure)
Press: ? - help, Q - select action, (/) - cycle Shift-Dir - straight line, f/p - adder
Aim: an adder (heavily wounded, 48% to hit)
You miscast Sting.
Nothing appears to happen.
You feel sick. The adder bites you but does no damage.
You take 1 damage, and have 11/19 hp.
You now have 0/5 mp.
You scratch the adder.
The adder is severely wounded.
You feel sick. The adder bites you.
You take 4 damage, and have 7/19 hp.
MASSIVE DAMAGE!!
You barely miss the adder.
The adder is severely wounded.
You feel sick.
You are no longer poisoned.
The adder bites you.
* * * LOW HITPOINT WARNING * * *
The adder bites you but does no damage.
You take 4 damage, and have 3/19 hp.
MASSIVE DAMAGE!!
It was a potion of resistance.
You feel protected. The adder bites you but does no damage.
It was a potion of degeneration.
There was something very wrong with that liquid.
You feel weakened.
You feel dopey.
You feel clumsy. The adder bites you.
You die...

.... 8J.8
#..# ## #..#
.. #..#######
.#
#..#..#..##.#
#..#..#...#.#
#S##......#.#
####
#@.##.......#
#...
##......#.###
#.##
########.#
###.##
#.###.....
#.....#.##
#######.##
#... ####


You could see an adder and an endoplasm (wandering).

Vanquished Creatures
  3 endoplasms (D:1)
  A giant cockroach (D:1)
  3 goblins (D:1)
  3 jackals (D:1)
  2 ball pythons (D:1)
  A bat (D:1)
  A kobold (D:1)
14 creatures vanquished.

Notes
Turn   | Place    | Note
-------+----------+-------------------------------------------
     0 | D:1      | jasper the Demonspawn Venom Mage began the quest for the
                  | Orb.
     0 | D:1      | Reached XP level 1. HP: 13/13 MP: 3/3
   224 | D:1      | Gained mutation: You have sharp fingernails. [demonic
                  | ancestry]
   224 | D:1      | Reached XP level 2. HP: 11/19 MP: 0/5
   867 | D:1      | Found a faded altar of an unknown god.
  1010 | D:1      | Learned a level 2 spell: Passwall
  1270 | D:2      | Slain by an adder

Illustrated notes

Levels and vault maps discovered:
D:1:      elethiomel_arrival_infinity_welcomes_careful_drivers, layout_basic,
          dreamdust_ecumenical_altar_statues, kennysheep_crisscross,
          minmay_misc_feat_nine_boxes, st_stairs_14
D:2:      minmay_chambers_of_twos, layout_loops_cross, basic_altar, uniq_terence

Action                   || total
-------------------------++-------
Melee: Mace              ||     6
       Unarmed           ||    19
 Cast: Sting             ||    29
  Use: Potion            ||     3
Armor: Robe              ||    12
Dodge: Dodged            ||    23

Table legend: (Time is in decaauts)
 A = Elapsed time spent in this place.
 B = Non-inter-level travel time spent in this place.
 C = Inter-level travel time spent in this place.
 D = Time resting spent in this place.
 E = Time spent auto-exploring this place.
 F = Levels seen in this place.
 G = Mean time per level.
                   A        B        C        D        E       F      G
               +--------+--------+--------+--------+--------+-----+--------+
         Total |   1270 |   1248 |     22 |     47 |   1040 |   2 |  635.0 |
       Dungeon |   1270 |   1248 |     22 |     47 |   1040 |   2 |  635.0 |
               +--------+--------+--------+--------+--------+-----+--------+

Top non-repeatable levels by time:
     D:1: 1196 daAuts
     D:2: 74 daAuts
